 Dungeon Crawl Stone Soup version 0.32-a0-893-gf85d74f360 (webtiles) character file.

Game seed: 1868744031062779072

1894 pokedragonboy the Changeling (level 9, -2/61 HPs)
             Began as an Octopode Shapeshifter on Apr 3, 2024.
             Was an Initiate of Gozag.
             Slain by a sky beast (5 damage)
             ... on level 6 of the Dungeon.
             The game lasted 00:15:49 (5996 turns).

pokedragonboy the Changeling (OpSh)                 Turns: 5996, Time: 00:15:51

Health: -2/61      AC:  1    Str: 19    XL:     9   Next: 15%
Magic:  9/9        EV: 14    Int: 12    God:    Gozag
Gold:   545        SH:  0    Dex: 16    Spells: 8/8 levels left

rFire   . .          .
                       - Unarmed
rCold   . . .        (no shield)
rNeg    + . .        (helmet currently unavailable)
rPois   .            (no amulet)
rElec   .            g - +6 ring of strength
rCorr   +            k - ring of resist corrosion
SInv    .            o - ring of positive energy
Will    .....        (no ring)
Stlth   ++           (no ring)
HPRegen 0.30/turn    (no ring)
MPRegen 0.11/turn    (no ring)
                     (no ring)

%: no passive effects
@: beast-form
A: beast (slay +4), almost no armour, amphibious, 8 rings, camouflage 1,
gelatinous body 1, (nimble swimmer 1), tentacles
a: Begin Untransformation, Renounce Religion, Potion Petition, Call Merchant,
Bribe Branch


You were on level 6 of the Dungeon.
You worshipped Gozag.
Gozag was pleased with you.
You were a hulking beast.
You visited 2 branches of the dungeon, and saw 7 of its levels.
You also visited: Sewer and Ossuary.

You collected 612 gold pieces.
You paid 67 gold pieces to Gozag.

Inventory:

Hand Weapons
 a - a +4 dagger
 e - a +0 dagger
 l - a +1 spear of venom
Missiles
 r - 2 javelins (quivered)
Jewellery
 g - a +6 ring of strength (left tentacle)
 k - a ring of resist corrosion (right tentacle)
 o - a ring of positive energy (on tentacle)
 p - a ring of positive energy
 t - a ring of positive energy
 u - a ring of flight
Talismans
 b - a beast talisman (active)
 c - a flux talisman
Wands
 m - a wand of acid (3)
 w - a wand of flame (11)
Scrolls
 h - 3 scrolls of enchant armour
 i - a scroll of teleportation
 j - 2 scrolls of poison
 n - a scroll of enchant weapon
 q - a scroll of vulnerability {unknown}
 x - a scroll of revelation
 B - a scroll of butterflies {unknown}
Potions
 s - a potion of attraction
 v - 2 potions of mutation {unknown}
 y - a potion of lignification
 z - 2 potions of heal wounds {unknown}
 A - 2 potions of might {unknown}
 C - a potion of magic {unknown}
 D - a potion of haste {unknown}


   Skills:
 + Level 5.1 Fighting
 + Level 5.5 Dodging
 + Level 6.1 Unarmed Combat
 * Level 7.3 Shapeshifting


You had 8 spell levels left.
You didn't know any spells.
Your spell library contained the following spells:

 Spells                   Type           Power      Damage    Failure   Level
 Magic Dart               Conj           0%         1d3       32%         1
 Blink                    Tloc           0%         N/A       45%         2
 Call Imp                 Summ           0%         N/A       45%         2
 Ensorcelled Hibernation  Hex/Ice        0%         N/A       45%         2
 Fugue of the Fallen      Necr           0%         N/A       69%         3
 Ozocubu's Armour         Ice            0%         N/A       69%         3
 Tukima's Dance           Hex            0%         N/A       69%         3
 Anguish                  Hex/Necr       0%         N/A       97%         4
 Dimensional Bullseye     Hex/Tloc       0%         N/A       97%         4
 Iskenderun's Mystic Bla Conj/Tloc 0%             2d3        (+2d1     97%         4
 Manifold Assault         Tloc           0%         N/A       100%        7


Dungeon Overview and Level Annotations

Branches:
Dungeon (6/15)             Temple (1/1) D:4           Sewer (visited)
Ossuary (visited)

Altars:
Cheibriados
Dithmenos
Elyvilon
Gozag
Hepliaklqana
Kikubaaqudgha
Makhleb
Nemelex Xobeh
Qazlal
Sif Muna
Trog
Uskayaw
Vehumet
Wu Jian
Xom
Yredelemnul
Zin


Innate Abilities, Weirdness & Mutations

You are a hulking beast.
Your limbs bulge with bestial killing power. (Slay +4)
You cannot wear most types of armour.
You are amphibious.
You can wear up to eight rings at the same time.
Your skin changes colour to match your surroundings (Stealth+).
Your rubbery body absorbs attacks. (AC +1, EV +1)
((You are camouflaged when in or above water. (Stealth+)))
You have tentacles for arms and can constrict up to eight enemies at once.


Message History

You tentacle-slap the bombardier beetle.
You squeeze the bombardier beetle.
You kill the bombardier beetle!
The liquid fire burns you!
* * * LOW HITPOINT WARNING * * *
Unknown command.
You shake off some of the fire as you move.
The liquid fire burns you!
* * * LOW HITPOINT WARNING * * *
The iguana bites you.
* * * LOW HITPOINT WARNING * * *
You shake off some of the fire as you move.
The liquid fire burns you!
* * * LOW HITPOINT WARNING * * *
Your surroundings suddenly seem different.
A white imp comes into view.
Found 10 stones and 17 gold pieces.
The white imp shouts, "Escape, thou fawning fat-kidneyed gudgeon!"
You hear a shout!
You shake off the liquid fire.
A sky beast comes into view.
You start resting.
A white imp is nearby!
The white imp is distracted by your dazzling golden aura.
You closely miss the white imp.
The white imp is no longer distracted by gold.
The white imp shouts, "Slither hence, thou beslubbering clapper-clawed clotpole!"
You grab the white imp. You constrict the white imp.
The white imp summons a swarm of flies.
The white imp misses you.
You tentacle-slap the white imp. x2
You kill the white imp!
Unknown command.
You tentacle-slap the sky beast. Your squeeze misses the sky beast.
The sky beast is lightly wounded.
The sky beast hits you.
* * * LOW HITPOINT WARNING * * *
The sky beast shocks you.
You die...
Your body crumbles into a pile of gold.

...### ###
#..... .Y
#.... .#
#...###5# ###.
#.......#.....
#(............
#............
##.#Y#########
#...h........
#############


You could see a sky beast.

Vanquished Creatures
  Grinder (D:3)
  Sigmund (D:2)
  Menkaure (D:4)
  Pargi (Sewer)
  An ice beast (D:5)
  2 ogres
  A phantom (D:5)
  2 brain worms (Sewer)
  A scorpion (D:6)
  A wight (D:6)
  2 bombardier beetles
  2 centaur zombies (Ossuary)
  A gnoll bouda (D:5)
  Crazy Yiuf (D:3)
  A jelly (D:5)
  Jessica (D:3)
  Natasha (thrice) (D:2)
  2 iguanas
  3 crocodile zombies (Ossuary)
  3 mummies (Ossuary)
  11 gnolls
  7 adders
  2 white imps
  3 dart slugs
  2 ribbon worms
  An orc (D:5)
  10 endoplasms
  4 giant cockroaches
  5 gnoll zombies (Ossuary)
  6 goblins
  6 hobgoblins
  3 jackals (D:3)
  6 quokkas
  4 ball pythons
  4 bats
  6 frilled lizards
  8 kobolds
  A kobold zombie (Ossuary)
  23 rats
143 creatures vanquished.

Notes
Turn   | Place    | Note
-------+----------+-------------------------------------------
     0 | D:1      | pokedragonboy the Octopode Shapeshifter began the quest for
                  | the Orb.
     0 | D:1      | Reached XP level 1. HP: 13/13 MP: 1/1
   110 | D:1      | Reached XP level 2. HP: 18/18 MP: 2/2
   315 | D:1      | Reached XP level 3. HP: 23/23 MP: 3/3
   917 | D:2      | Noticed Sigmund
   924 | D:2      | Killed Sigmund
   925 | D:2      | Reached skill level 4 in Shapeshifting
   925 | D:2      | Reached XP level 4. HP: 16/30 MP: 4/4
   925 | D:2      | Reached XP level 5. HP: 19/35 MP: 5/5
   926 | D:2      | Reached XP level 6. HP: 20/41 MP: 6/6
  1119 | D:2      | Noticed Natasha
  1125 | D:2      | Killed Natasha
  1311 | D:2      | Noticed Natasha
  1317 | D:2      | Killed Natasha
  1456 | D:2      | Noticed Natasha
  1464 | D:2      | Killed Natasha
  1557 | D:3      | Noticed Grinder
  1564 | D:3      | Killed Grinder
  1565 | D:3      | Reached skill level 5 in Shapeshifting
  1565 | D:3      | Reached XP level 7. HP: 36/46 MP: 7/7
  1687 | D:3      | Found a white marble altar of Elyvilon.
  1975 | D:3      | Noticed Jessica
  1980 | D:3      | Killed Jessica
  2306 | D:3      | Found a runed translucent door.
  2307 | D:3      | Noticed Crazy Yiuf
  2592 | D:3      | Killed Crazy Yiuf
  2676 | D:4      | Found a staircase to the Ecumenical Temple.
  2960 | D:5      | Entered Level 5 of the Dungeon
  3035 | Temple   | Entered the Ecumenical Temple
  3043 | Temple   | Became a worshipper of Gozag Ym Sagoz the Greedy
  3223 | D:5      | Reached skill level 5 in Unarmed Combat
  3230 | D:5      | Reached XP level 8. HP: 31/54 MP: 8/8
  3621 | D:4      | Noticed an angel
  3626 | D:4      | Found a shimmering altar of Xom.
  3627 | D:4      | Found a glowing silver altar of Zin.
  3635 | D:4      | Reached skill level 6 in Shapeshifting
  4038 | D:4      | Found a bloodstained altar of Trog.
  4056 | D:4      | Found a sparkling altar of Nemelex Xobeh.
  4151 | D:4      | Noticed Menkaure
  4155 | D:4      | Killed Menkaure
  4398 | D:4      | Found a burning altar of Makhleb.
  4399 | D:4      | Found a shadowy altar of Dithmenos.
  5172 | D:6      | Reached skill level 5 in Dodging
  5215 | D:6      | Found a glowing drain.
  5219 | Sewer    | Entered a sewer
  5339 | Sewer    | Noticed Pargi
  5358 | Sewer    | Killed Pargi
  5359 | Sewer    | Reached skill level 7 in Shapeshifting
  5437 | D:6      | Found a sand-covered staircase.
  5446 | Ossuary  | Entered an ossuary
  5455 | Ossuary  | Reached XP level 9. HP: 41/60 MP: 9/9
  5656 | Ossuary  | Reached skill level 5 in Fighting
  5850 | D:6      | HP: 3/61 [steam dragon (4)]
  5996 | D:6      | HP: 3/61 [sky beast (4)]
  5996 | D:6      | Slain by a sky beast

Illustrated notes

Levels and vault maps discovered:
D:1:      sevenhm_arrival_forest_fort_small_3, layout_loops_ring,
          minmay_liquid_box, minmay_misc_feat_secret_circle,
          chequers_mini_garden
D:2:      layout_rooms, uniq_natasha, uniq_sigmund
D:3:      layout_loops_corners, mainiacjoe_overflow_24_doors, serial_rivers,
          chequers_serial_rivers_micro_c, chequers_serial_rivers_small_3,
          chequers_serial_rivers_room_a, chequers_serial_rivers_small_3,
          minmay_rat_hole, uniq_grinder, uniq_jessica, uniq_crazy_yiuf_cottage
D:4:      layout_layer_cave, grunt_temple_overflow_order_and_chaos_1,
          grunt_temple_overflow_open, minmay_temple_entry_from_below_a,
          uniq_menkaure
D:5:      layout_cave_pools, abandoned_shop, chequers_arboretum
D:6:      hangedman_cross_stitches, layout_basic, gup_sewer_entry_spiral,
          lightli_ossuary_entry_decrepit_ruins
Temple:   nicolae_temple_two_arcs

Skill      XL: |  1  2  3  4  5  6  7  8  9 |
---------------+----------------------------+-----
Fighting       | 2 3 4 5 |  5.1
Dodging        | 3 4 5 |  5.5
Unarmed Combat | 4 5 6 |  6.1
Shapeshifting  | 4 5 7 |  7.3

Action                     |  1- 3 |  4- 6 |  7- 9 || total
---------------------------+-------+-------+-------++-------
  Melee: Unarmed           |    38 |    36 |   179 ||   253
         Constrict         |     8 |    13 |    48 ||    69
         Tentacles         |     5 |     5 |    51 ||    61
         Punch             |     1 |     3 |     7 ||    11
         Dagger            |       |       |    15 ||    15
  Throw: Javelin           |       |       |     5 ||     5
  Evoke: Wand              |     2 |     2 |       ||     4
    Use: Scroll            |     1 |       |    11 ||    12
         Potion            |       |       |     3 ||     3
   Stab: Sleeping          |     9 |       |    11 ||    20
 Armour: Skin              |    16 |    13 |    98 ||   127
  Dodge: Dodged            |    18 |    16 |   117 ||   151
         Form:             |     1 |       |       ||     1
         Beast             |     1 |       |       ||     1

Table legend: (Time is in decaauts)
 A = Elapsed time spent in this place.
 B = Non-inter-level travel time spent in this place.
 C = Inter-level travel time spent in this place.
 D = Time resting spent in this place.
 E = Time spent auto-exploring this place.
 F = Levels seen in this place.
 G = Mean time per level.
                   A        B        C        D        E       F      G
               +--------+--------+--------+--------+--------+-----+--------+
         Total |   5979 |   5768 |    211 |    967 |   3379 |   9 |  664.3 |
       Dungeon |   5413 |   5202 |    211 |    826 |   3369 |   6 |  902.2 |
        Temple |     16 |     16 |      0 |      0 |      0 |   1 |   16.0 |
         Sewer |    163 |    163 |      0 |      0 |      0 |   1 |  163.0 |
       Ossuary |    386 |    386 |      0 |    141 |     10 |   1 |  386.0 |
               +--------+--------+--------+--------+--------+-----+--------+

Top non-repeatable levels by time:
     D:4: 1555 daAuts
     D:3: 1192 daAuts
     D:5: 886 daAuts
     D:2: 818 daAuts
     D:1: 648 daAuts
 Ossuary: 386 daAuts
     D:6: 311 daAuts
   Sewer: 163 daAuts
  Temple: 16 daAuts
